 Dungeon Crawl Stone Soup version 0.30-a0-1103-g25895a7845 (webtiles) character file.

Game seed: 12352984262360690531

1369 jasper the Grappler (level 8, -7/80 HPs)
             Began as a Troll Cinder Acolyte on Apr 18, 2023.
             Was a High Priest of Ignis.
             Killed by divine providence
             ... invoked by an orc priest
              (16 damage)
             ... on level 8 of the Dungeon.
             The game lasted 00:03:51 (2272 turns).

jasper the Grappler (Troll Cinder Acolyte)          Turns: 2272, Time: 00:03:51

Health: -7/80      AC: 11    Str: 23    XL:     8   Next: 38%
Magic:  8/8        EV:  7    Int: 12    God:    Ignis [*****.]
Gold:   32         SH:  0    Dex:  5    Spells: 9/9 levels left

rFire   + . .      SeeInvis .      - Unarmed
rCold   . . .      Faith    .    o - +0 kite shield
rNeg    . . .      Spirit   .    a - +0 robe
rPois   .          Reflect  +    (helmet restricted)
rElec   .          Rampage  .    (no cloak)
rCorr   .                        (gloves unavailable)
Will    .....                    (boots unavailable)
Stlth   +                        d - amulet of reflection
HPRegen 1.13/turn                (no ring)
MPRegen 0.11/turn                (no ring)

@: confused, ambrosia-drunk, fiery-armoured
A: large, unfitting armour, claws 3, regeneration 1, shaggy fur 1, tough skin 1
a: Renounce Religion, Fiery Armour, Foxfire Swarm, Rising Flame


You were on level 8 of the Dungeon.
You worshipped Ignis.
Ignis was extremely pleased with you.
You visited 1 branch of the dungeon, and saw 8 of its levels.

You collected 144 gold pieces.
You spent 112 gold pieces at shops.

Inventory:

Missiles
 c - 4 boomerangs (quivered)
 i - 6 atropa-tipped darts
Armour
 a - a +0 robe (worn)
 o - a +0 kite shield (worn)
Jewellery
 d - an amulet of reflection (around neck)
Wands
 l - a wand of flame (15)
Scrolls
 g - a scroll of noise
 m - a scroll of identify
 n - a scroll of magic mapping {unknown}
Potions
 e - a potion of brilliance {unknown}
 f - a potion of berserk rage {unknown}
 h - a potion of heal wounds {unknown}
 j - a potion of mutation {unknown}
 k - a potion of attraction {unknown}


   Skills:
 + Level 5.0 Fighting
 - Level 3.0 Throwing
 + Level 2.3 Shields
 * Level 8.2 Unarmed Combat
 - Level 1.0 Spellcasting
 - Level 2.1 Fire Magic


You had 9 spell levels left.
You didn't know any spells.
Your spell library contained the following spells:

 Spells                   Type           Power      Damage    Failure   Level
 Scorch                   Fire           10%        2d5       41%         2
 Necrotise                Necr           0%         1d4       58%         1
 Vampiric Draining        Necr           0%         2d6       91%         3
 Flame Wave               Conj/Fire      3%         2d5       99%         4
 Agony                    Necr           0%         N/A       100%        5
 Summon Cactus Giant      Summ           0%         N/A       100%        6


Dungeon Overview and Level Annotations

Branches:
Dungeon (8/15)             Temple (0/1) D:7
   Lair: D:8-11

Altars:
Dithmenos
Nemelex Xobeh

Shops:
D:3 **(   D:4 [


Innate Abilities, Weirdness & Mutations

You are too large for most types of armour.
You have claws for hands.
Your natural rate of healing is unusually fast.
You are covered in fur. (AC +1)
You have tough skin. (AC +1)


Message History

The orc warrior hits you with a +0 scimitar.
You take 2 damage, and have 33/79 hp.
You claw the orc warrior!
The orc warrior is severely wounded.
The orc warrior hits you with a +0 scimitar!
You take 9 damage, and have 24/79 hp.
You claw the orc warrior!
You kill the orc warrior!
Your Fighting skill increases to level 5!
The orc priest attacks as you move away!
You block the orc priest's attack.
The orc priest invokes the aid of Beogh against you.
Beogh smites you!
* * * LOW HITPOINT WARNING * * *
You hear a shout!
Items here: )))) [[ ††.
You take 9 damage, and have 16/80 hp.
You block the orc warrior's attack.
The orc priest hits you but does no damage.
A protective cloak of flame settles atop you.
The orc warrior barely misses you.
The orc priest hits you but does no damage.
The orc priest is burned by your cloak of flames.
The orc priest is moderately wounded.
You claw the orc priest!
The orc priest is almost dead.
An orc wizard comes into view. It is wielding a +0 war axe.
You block the orc warrior's attack.
The orc priest mumbles some strange prayers to Beogh against you.
Pain shoots through your body!
* * * LOW HITPOINT WARNING * * *
You take 12 damage, and have 6/80 hp.
You are confused.
You feel invigorated.
An orc priest comes into view. It is wielding a +0 short sword.
The orc warrior hits you from afar with a +0 trident.
* * * LOW HITPOINT WARNING * * *
The orc priest invokes the aid of Beogh against you.
Beogh smites you!
You die...

#. #<# ##..P. #.
#.##....PF #.# #.#....Po.
#.. #.#o...Ps. .. ####..
###.....PP.P .. ...o.
........# ..P
#..####oF....# .P.
#.oo@)os..P.P# ...P
#...####.PP..####P.P.
#...# #.)....PP.PPP.
#...# ##......).P...
#####..<#####.......P....
.........))).#.....P..P.#
........####.###P...P.###
.####.#.# #.##....####
#.#.# #<##...##


You could see an orc warrior, a bullfrog, a scorpion, 2 orc priests, an orc
wizard and an orc.

Vanquished Creatures
  Grinder (D:4)
  A black bear (D:7)
  3 ice beasts
  An orc warrior (D:8)
  3 bullfrogs
  2 scorpions (D:8)
  4 wights (D:8)
  An orc priest (D:8)
  9 gnolls
  An adder (D:6)
  2 white imps (D:6)
  2 worms (D:3)
  A dart slug (D:1)
  12 orcs
  2 ball pythons
  3 endoplasms
  3 giant cockroaches (D:3)
  3 goblins
  4 hobgoblins
  3 kobolds
  2 bats (D:3)
  A frilled lizard (D:3)
  A rat (D:3)
65 creatures vanquished.

Vanquished Creatures (others)
  11 fungi (D:8)
  5 plants (D:8)
16 creatures vanquished.

Grand Total: 81 creatures vanquished

Notes
Turn   | Place    | Note
-------+----------+-------------------------------------------
     0 | D:1      | jasper the Troll Cinder Acolyte began the quest for the
                  | Orb.
     0 | D:1      | Reached XP level 1. HP: 22/22 MP: 1/1
   115 | D:3      | Found Cuxuz's Assorted Antiques.
   120 | D:3      | Reached XP level 2. HP: 29/29 MP: 2/2
   180 | D:3      | Reached XP level 3. HP: 5/36 MP: 3/3
   182 | D:3      | Reached skill level 4 in Unarmed Combat
   327 | D:3      | Reached XP level 4. HP: 45/45 MP: 4/4
   398 | D:3      | Found Umostuwe's Weapon Emporium.
   475 | D:3      | Found Ymacs's General Store.
   571 | D:4      | Reached skill level 1 in Throwing
   676 | D:4      | Found Setsohim's Antique Armour Shop.
   744 | D:4      | Noticed Grinder
   760 | D:4      | Killed Grinder
   761 | D:4      | Reached skill level 5 in Unarmed Combat
   761 | D:4      | Reached XP level 5. HP: 39/53 MP: 5/5
   761 | D:4      | Reached XP level 6. HP: 45/61 MP: 6/6
   849 | D:5      | Entered Level 5 of the Dungeon
  1008 | D:6      | Noticed an ice beast
  1039 | D:7      | Found a staircase to the Ecumenical Temple.
  1051 | D:7      | Reached skill level 6 in Unarmed Combat
  1091 | D:7      | Noticed an ice beast
  1102 | D:7      | Killed an ice beast
  1103 | D:7      | Reached XP level 7. HP: 70/70 MP: 7/7
  1340 | D:7      | Found a shadowy altar of Dithmenos.
  1624 | D:4      | Bought a kite shield for 112 gold pieces
  1782 | D:7      | Found a sparkling altar of Nemelex Xobeh.
  1945 | D:7      | Reached skill level 7 in Unarmed Combat
  2202 | D:8      | Reached skill level 1 in Shields
  2209 | D:8      | Reached XP level 8. HP: 73/79 MP: 8/8
  2258 | D:8      | Reached skill level 8 in Unarmed Combat
  2268 | D:8      | Reached skill level 5 in Fighting
  2272 | D:8      | Killed from afar by an orc priest

Illustrated notes

Levels and vault maps discovered:
D:1:      tarquinn_simple_flora_water_f, layout_loops_cross
D:2:      minmay_skewed_foursquare, layout_loops_ring,
          dreamdust_ecumenical_altar_sealed_demon, bh_walls_and_bars
D:3:      layout_loops_ring, fedhas_altar_4, kennysheep_orc_sif_temple,
          serial_shops, nicolae_shop_overgrown_old_shop, shop, shop,
          solitary_fountain, chequers_serial_rivers_micro_b, uniq_sigmund
D:4:      dreamdust_elfheim, layout_basic, serial_shops, shop,
          minmay_misc_feat_plants, uniq_grinder
D:5:      layout_loops_corners, mainiacjoe_overflow_cross_hatched
D:6:      layout_cave_pods, nicolae_benzene_ring
D:7:      layout_loops_corners, mainiacjoe_overflow_six_doors_small,
          nicolae_overflow_hidden_temple, temple_pool_b, minmay_misc_feat_x
D:8:      layout_loops_ring, grunt_lair_entry_orc_guard_hut

Skill      XL: |  1  2  3  4  5  6  7  8 |
---------------+-------------------------+-----
Unarmed Combat | 4 5 6 7 8 |  8.2
Fighting       | 3 4 5 |  5.0
Throwing       | 2 3 |  3.0
Shields        | 1 2 |  2.3
Spellcasting   | |  1.0
Fire Magic     | |  2.1

Action                     |  1- 3 |  4- 6 |  7- 9 || total
---------------------------+-------+-------+-------++-------
  Melee: Unarmed           |    45 |    76 |    62 ||   183
         Punch             |       |     3 |       ||     3
  Throw: Boomerang         |       |     2 |       ||     2
 Invoke: Fiery Armour      |     1 |     1 |     1 ||     3
    Use: Scroll            |     1 |     3 |     1 ||     5
         Potion            |       |       |     1 ||     1
 Armour: Robe              |    13 |    11 |    10 ||    34
  Dodge: Dodged            |    14 |    18 |    11 ||    43
  Block: Other             |       |     7 |     1 ||     8
         Kite shield       |       |       |    20 ||    20

Table legend: (Time is in decaauts)
 A = Elapsed time spent in this place.
 B = Non-inter-level travel time spent in this place.
 C = Inter-level travel time spent in this place.
 D = Time resting spent in this place.
 E = Time spent auto-exploring this place.
 F = Levels seen in this place.
 G = Mean time per level.
                   A        B        C        D        E       F      G
               +--------+--------+--------+--------+--------+-----+--------+
         Total |   2262 |   1915 |    347 |      0 |   1413 |   8 |  282.8 |
       Dungeon |   2262 |   1915 |    347 |      0 |   1413 |   8 |  282.8 |
               +--------+--------+--------+--------+--------+-----+--------+

Top non-repeatable levels by time:
     D:7: 911 daAuts
     D:4: 479 daAuts
     D:3: 362 daAuts
     D:6: 236 daAuts
     D:1: 94 daAuts
     D:8: 82 daAuts
     D:5: 75 daAuts
     D:2: 19 daAuts
